 Dungeon Crawl Stone Soup version 0.26-b1-32-g5d43845318 (webtiles) character file.

Game seed: 11133982474938618085

8 sentinel the Conjurer (level 2, 15/22 HPs)
             Began as a Demonspawn Conjurer on Jan 10, 2021.
             Quit the game on level 1 of the Dungeon.
             The game lasted 00:00:33 (723 turns).

sentinel the Conjurer (Demonspawn Conjurer)          Turns: 723, Time: 00:00:34

Health: 15/22      AC:  5    Str:  7    XL:     2   Next: 0%
Magic:  3/5        EV: 12    Int: 19    God:
Gold:   71         SH:  0    Dex: 11    Spells: 4/5 levels left

rFire    . . .     SeeInvis .   (no weapon)
rCold    . . .     Faith    .   (no shield)
rNeg     . . .     Spirit   .   a - +0 robe
rPois    .         Reflect  .   (no helmet)
rElec    .         Harm     .   (no cloak)
rCorr    .         Rampage  .   (no gloves)
Will     .....                  b - +2 pair of boots
Stlth    ++........             (no amulet)
HPRegen  0.07/turn              (no ring)
MPRegen  0.09/turn              (no ring)

@: no status effects
A: spiny 1
a: no special abilities


You were on level 1 of the Dungeon.
You visited 1 branch of the dungeon, and saw 2 of its levels.

You collected 71 gold pieces.

Inventory:

Missiles
 d - 4 poisoned darts
Armour
 a - a +0 robe (worn)
 b - a +2 pair of boots (worn)
Scrolls
 c - a scroll of random uselessness {unknown}


   Skills:
 + Level 1.6 Fighting
 - Level 1.7 Dodging
 - Level 1.7 Stealth
 - Level 2.0 Spellcasting
 - Level 4.0 Conjurations


You had 4 spell levels left.
You knew the following spells:

 Your Spells              Type           Power        Failure   Level
a - Magic Dart            Conj           68%          3%          1

Your spell library contained the following spells:

 Spells                   Type           Power        Failure   Level
 Searing Ray              Conj           34%          4%          2
 Dazzling Flash           Conj/Hex       18%          22%         3
 Fulminant Prism          Conj/Hex       4%           58%         4
 Iskenderun's Mystic Bla  Conj/Tloc      9%           58%         4


Dungeon Overview and Level Annotations

Branches:
Dungeon (2/15)

Altars:

Annotations:
D:2 Robin


Innate Abilities, Weirdness & Mutations

You are partially covered in sharp spines.


Message History

But you're not safe!
You see here a pair of embroidered boots.
b - a pair of embroidered boots The magic dart hits the leopard gecko.
You miscast Magic Dart.
You are very lightly contaminated with residual magic.
Nothing appears to happen.
The leopard gecko bites you.
The magic dart hits the leopard gecko.
You kill the leopard gecko!
You don't have enough magic to cast that spell.
You don't have enough magic to cast that spell.
You don't have enough magic to cast that spell.
You don't have enough magic to cast that spell.
You start putting on your armour.
You continue putting on your pair of embroidered boots. x4
Your magical contamination has completely faded away.
You finish putting on your +2 pair of boots.
Found a stone staircase leading down.
A kobold comes into view.
The kobold shouts!
The kobold throws a stone.
The stone hits you but does no damage.
Found a scroll labelled JEG TYGADDUIHY.
You see here a stone.
But you're not safe! But you're not safe! But you're not safe!
But you're not safe! But you're not safe!
The magic dart hits the kobold but does no damage.
The kobold throws a stone.
The stone barely misses you.
The magic dart hits the kobold.
The magic dart hits the kobold.
You don't have enough magic to cast that spell.
You don't have enough magic to cast that spell.
You start resting.
A kobold is nearby!
The magic dart hits the kobold.
You kill the kobold!
Your Fighting skill increases to level 1!
You see here a stone.
There is a stone staircase leading down here.
c - a scroll labelled JEG TYGADDUIHY
Found a short sword.
Found a hand axe.
Found 4 poisoned darts.
Found a robe.
You see here a robe.
You now have 18 gold pieces.
A goblin comes into view.
But you're not safe! But you're not safe! But you're not safe!
The magic dart hits the goblin.
The goblin shouts!
The magic dart hits the goblin.
The magic dart hits the goblin.
You don't have enough magic to cast that spell.
You don't have enough magic to cast that spell.
But you're not safe! But you're not safe! But you're not safe!
Found 27 stones.
The goblin barely misses you.
You hit the goblin but do no damage. The goblin closely misses you.
You hit the goblin.
You kill the goblin!
No target in view!
No target in view!
No target in view!
No target in view!
No target in view!
Found 8 stones.
You see here 8 stones.
You now have 20 gold pieces (gained 2).
Found a leather armour.
You see here a leather armour.
Found a stone staircase leading down.
Found 15 stones.
You see here 15 stones.
You now have 33 gold pieces (gained 13).
A dart slug comes into view.
Found 15 arrows.
But you're not safe! But you're not safe!
The magic dart hits the dart slug.
The magic dart hits the dart slug.
The dart slug bites you.
The magic dart hits the dart slug.
You don't have enough magic to cast that spell.
You don't have enough magic to cast that spell.
You don't have enough magic to cast that spell.
You hit the dart slug.
You kill the dart slug!
You see here a dart slug corpse.
Found a hunting sling.
Found an escape hatch in the floor.
You see here 15 arrows.
There is an escape hatch in the floor here.
You now have 41 gold pieces (gained 8).
You now have 48 gold pieces (gained 7).
Found a robe.
You now have 58 gold pieces (gained 10).
You see here a stone.
You see here a stone.
You see here 15 arrows.
You open the door.
Found a stone staircase leading down.
There is an open door here.
There is a stone staircase leading down here.
You now have 71 gold pieces (gained 13).
Done exploring.
Done exploring.
Done exploring.
Done exploring.
Done exploring.
Done exploring.
Done exploring.
Done exploring.
Done exploring.
Search for what [? for help]? pois You see here 15 arrows.
You see here 4 poisoned darts.
d - 4 poisoned darts
(D) Dungeon
Where to? (Enter - D:1 @ (x,y), ? - help)
There is a stone staircase leading down here.
You climb downwards. 4 jackals, 12 goblins, a kobold and Robin come into view.
Robin is wielding a +0 short sword of speed.
A goblin is wielding a +0 dagger of venom.
A goblin is wielding a +0 dagger of holy wrath.
The goblin shouts! x4; The hobgoblin shouts!
The jackal barks!
You hear a shout! x2
Robin shouts!
The jackal barks! x2
Found 10 gold pieces, 20 poisoned darts, a leatherbound book and 14 stones.
Found a stone staircase leading down.
There is a stone staircase leading up here.
The hobgoblin shouts!
The goblin shouts!
The jackal barks!
The jackal bites you but does no damage.
Robin throws the goblin at you!
A goblin comes into view. It is wielding a +0 dagger.
A hobgoblin comes into view. It is wielding a +0 club.
The goblin barely misses you.
You climb upwards.
There is a stone staircase leading down here.
Aim: a goblin, wielding a +0 club (0% to evade)
The magic dart hits the goblin.
You kill the goblin!
The jackal closely misses you. The hobgoblin hits you with a +0 club.
The jackal bites you but does no damage.
The goblin hits you with a +0 dagger.
You have reached level 2!
Your demonic ancestry asserts itself...
Sharp spines emerge from parts of your body.

.#⌠.......#....#.#...............
.#######..#.#....#.######.##.....
<...........#....#.#....#........
.#######..#....#.#.#.##.######.##
.#⌠.......####...#.#..#.[........
.#.##.....# #...#.##.######....#
.#.#......# #...#.......(.......
.#.......## #.hg####.######.....
........#.# #.g@)....# #.....
.......#..# #.#####..# #.....
.#############........##########.
.#######.............###.........
.........############# #.########
########.# #.# #.# #.# #.# #.#
#.# #.#


You could see a jackal, a hobgoblin and a goblin.

Vanquished Creatures
  A dart slug (D:1)
  A leopard gecko (D:1)
  2 goblins (D:1)
  A kobold (D:1)
5 creatures vanquished.

Notes
Turn   | Place    | Note
-------+----------+-------------------------------------------
     0 | D:1      | sentinel the Demonspawn Conjurer began the quest for the
                  | Orb.
     0 | D:1      | Reached XP level 1. HP: 13/13 MP: 3/3
    66 | D:1      | Reached skill level 1 in Fighting
   718 | D:2      | Noticed Robin
   723 | D:1      | Gained mutation: You are partially covered in sharp spines.
                  | [demonic ancestry]
   723 | D:1      | Reached XP level 2. HP: 15/22 MP: 3/5
   723 | D:1      | Quit the game

Illustrated notes

Levels and vault maps discovered:
D:1:      matt_arrival_grand_opening, layout_basic
D:2:      layout_rooms, nicolae_tso_swordbearing_angel, lemuel_blue_sif_altar,
          gammafunk_temple_overflow_arena, nicolae_overflow_crystal_walls,
          uniq_natasha, uniq_crazy_yiuf_cottage, uniq_robin

Skill      XL: |  1 |
---------------+----+-----
Fighting       | 1 |  1.6
Dodging        | |  1.7
Stealth        | |  1.7
Spellcasting   | |  2.0
Conjurations   | |  4.0

Action                   || total
-------------------------++-------
Melee: Unarmed           ||     3
 Cast: Magic Dart        ||    13
Armor: Robe              ||     3
Dodge: Dodged            ||     5
